 Dungeon Crawl Stone Soup version 0.29-a0-982-gaed3a0c8d8 (webtiles) character file.

Game seed: 17777083266093207591

223 leavemydog the Chopper (level 6, -1/53 HPs)
             Began as a Hill Orc Fighter on Aug 1, 2022.
             Constricted to death by Natasha (3 damage)
             ... on level 3 of the Dungeon.
             The game lasted 00:02:55 (3176 turns).

leavemydog the Chopper (Hill Orc Fighter)           Turns: 3176, Time: 00:02:55

Health: -1/53      AC:  8    Str: 21    XL:     6   Next: 0%
Magic:  6/6        EV:  6    Int:  8    God:
Gold:   120        SH:  4    Dex: 10    Spells: 5/5 levels left

rFire   . . .      SeeInvis .   a - +0 war axe
rCold   . . .      Faith    .   c - +0 buckler
rNeg    . . .      Spirit   .   b - +0 scale mail
rPois   .          Reflect  .   m - +0 helmet
rElec   .          Harm     .   (no cloak)
rCorr   .          Rampage  .   (no gloves)
Will    .....                   (no boots)
Stlth   ..........              (no amulet)
HPRegen 0.17/turn               (no ring)
MPRegen 0.10/turn               (no ring)

@: grasped by roots, slowed, constricted, very slow
A: no striking features
a: no special abilities


You were on level 3 of the Dungeon.
You visited 1 branch of the dungeon, and saw 3 of its levels.

You collected 120 gold pieces.

Inventory:

Hand Weapons
 a - a +0 war axe (weapon)
Armour
 b - a +0 scale mail (worn)
 c - a +0 buckler (worn)
 m - a +0 helmet (worn)
Jewellery
 p - a ring of protection from cold
Scrolls
 f - a scroll of brand weapon {unknown}
 h - 3 scrolls of identify {unknown}
 i - 4 scrolls of immolation {unknown}
 l - 3 scrolls of teleportation {unknown}
 n - a scroll of vulnerability {unknown}
 q - a scroll of summoning {unknown}
 r - a scroll of silence {unknown}
 s - a scroll of torment {unknown}
Potions
 d - a potion of might
 e - 2 potions of curing
 g - a potion of cancellation {unknown}
 j - 2 potions of heal wounds {unknown}
 k - 2 potions of mutation {unknown}
 o - a potion of haste {unknown}


   Skills:
 + Level 4.6 Fighting
 * Level 6.1 Axes
 + Level 4.1 Armour
 + Level 3.8 Shields


You had 5 spell levels left.
You didn't know any spells.
Your spell library contained the following spells:

 Spells                   Type           Power      Damage    Failure   Level
 Slow                     Hex            0%         N/A       83%         1
 Sublimation of Blood     Necr           0%         N/A       92%         2
 Wereblood                Tmut           0%         N/A       92%         2
 Ignite Poison            Fire/Tmut/Pois 0%         N/A       99%         3
 Mephitic Cloud           Conj/Pois/Air  0%         N/A       99%         3
 Ozocubu's Armour         Ice            0%         N/A       99%         3
 Portal Projectile        Hex/Tloc       0%         N/A       99%         3
 Stone Arrow              Conj/Erth      0%         3d7       99%         3
 Animate Armour           Summ/Erth      0%         N/A       100%        4
 Borgnjor's Vile Clutch   Necr/Erth      0%         N/A       100%        5
 Freezing Cloud           Conj/Ice/Air   0%         6-21      100%        5
 Metabolic Englaciation   Hex/Ice        0%         N/A       100%        5
 Simulacrum               Ice/Necr       0%         N/A       100%        6
 Summon Hydra             Summ           0%         N/A       100%        7
 Lehudib's Crystal Spear  Conj/Erth      0%         10d2      100%        8


Dungeon Overview and Level Annotations

Branches:
Dungeon (3/15)

Altars:
Nemelex Xobeh
Qazlal

Shops:
D:2 [   D:3 [

Annotations:
D:3 Natasha


Message History

Natasha is unaffected.
The grasping roots constrict you. Natasha barely misses you.
The grasping roots constrict you.
You slash Natasha!
Natasha is severely wounded.
You slash the white imp! The white imp barely misses you.
You block Natasha's attack. The grasping roots constrict you.
The white imp hits you but does no damage.
Natasha closely misses you. The grasping roots constrict you.
You barely miss Natasha.
Natasha is severely wounded.
You barely miss the white imp. The white imp gestures at you.
The puff of frost hits you. Natasha claws you but does no damage.
The grasping roots constrict you. The white imp hits you.
The white imp freezes you.
The grasping roots release their grip on you.
You barely miss Natasha.
Natasha is severely wounded.
You closely miss the white imp.
Natasha stares at you and mumbles some strange words.
The magic dart hits you. The white imp closely misses you.
Natasha claws you but does no damage. The white imp gestures at you.
The puff of frost hits you.
You closely miss Natasha.
Natasha is severely wounded.
You hit the white imp.
You kill the white imp!
The white imp disappears in a puff of smoke!
Natasha zaps a wand.
The roots erupt in riotous growth!
The grasping roots grab you!
Natasha is unaffected.
The grasping roots constrict you.
* * * LOW HITPOINT WARNING * * *
Natasha barely misses you. The grasping roots constrict you.
* * * LOW HITPOINT WARNING * * *
It was a potion of curing.
You feel better. Natasha claws you but does no damage.
The grasping roots constrict you!
* * * LOW HITPOINT WARNING * * *
Natasha claws you but does no damage. The grasping roots constrict you.
You die...

....8.#.....#..# #..# ###......
.....[#.....##.# #..# #......##
...#######.###.###..# #......#
.>.#...# #.......(..# #.....##
...#...# #####..###.# ###....#
####...# ##.# #.# #....#
#.##...########.###.#######....#
...............).............###
........######..@##.#######..#
..#####.# #.§h##.# #..#
......#.######....#.# #..#
#.###.#.........#.# #..# #.#
#.#).####...#.. ### #..#
..###.#).####...##..#.#####..####
.......)....#...##..#.##.........
#.#######.#.#(..###........#.####
.................####........# #


You could see Natasha.

Vanquished Creatures
  Jessica (D:2)
  Natasha (twice) (D:3)
  6 gnolls (D:3)
  3 adders
  2 worms (D:2)
  2 dart slugs
  An orc (D:3)
  2 bats
  3 endoplasms
  3 giant cockroaches (D:1)
  4 goblins
  3 hobgoblins
  5 jackals
  10 kobolds
  2 quokkas (D:1)
  6 ball pythons
  4 frilled lizards
  2 rats
61 creatures vanquished.

Vanquished Creatures (others)
  4 plants (D:3)
4 creatures vanquished.

Grand Total: 65 creatures vanquished

Notes
Turn   | Place    | Note
-------+----------+-------------------------------------------
     0 | D:1      | leavemydog the Hill Orc Fighter began the quest for the
                  | Orb.
     0 | D:1      | Reached XP level 1. HP: 19/19 MP: 1/1
   219 | D:1      | Reached skill level 3 in Axes
   219 | D:1      | Reached XP level 2. HP: 27/27 MP: 2/2
   635 | D:1      | Reached XP level 3. HP: 26/33 MP: 3/3
   849 | D:1      | Got the Monograph on Iron Beguiling
   951 | D:2      | Noticed Jessica
   955 | D:2      | Killed Jessica
   956 | D:2      | Reached skill level 4 in Axes
  1098 | D:2      | Found a faded altar of an unknown god.
  1201 | D:2      | Found a sparkling altar of Nemelex Xobeh.
  1295 | D:2      | Found Pijei's Armour Emporium.
  1409 | D:2      | Reached XP level 4. HP: 40/40 MP: 4/4
  1909 | D:3      | Found a stormy altar of Qazlal.
  1979 | D:3      | Found Gidugued's Armour Emporium.
  2000 | D:3      | Reached skill level 5 in Axes
  2002 | D:3      | Reached XP level 5. HP: 24/46 MP: 5/5
  2356 | D:3      | Noticed Natasha
  2367 | D:3      | Killed Natasha
  2559 | D:3      | Noticed Natasha
  2570 | D:3      | Killed Natasha
  2737 | D:3      | Reached skill level 6 in Axes
  3068 | D:3      | Reached XP level 6. HP: 53/53 MP: 6/6
  3164 | D:3      | Noticed Natasha
  3176 | D:3      | HP: 2/53 [constriction (8)]
  3176 | D:3      | Constricted to death by Natasha

Illustrated notes

Levels and vault maps discovered:
D:1:      erik_arrival_orb_chamber, layout_basic
D:2:      layout_loops_corners, basic_altar, serial_shops, shop,
          hellmonk_ecumenical_altar_heavens_door, uniq_jessica
D:3:      cheibrodos_old_hovel, layout_basic, grunt_qazlal_clouds, serial_shops,
          nicolae_shop_competitors_out_of_business,
          nicolae_elevator_lobby_asterisk, uniq_natasha

Skill      XL: |  1  2  3  4  5 |
---------------+----------------+-----
Axes           | 3 4 5 6 |  6.1
Fighting       | 4 |  4.6
Armour         | 4 |  4.1
Shields        | |  3.8

Action                   |  1- 3 |  4- 6 || total
-------------------------+-------+-------++-------
Melee: War axe           |    63 |   100 ||   163
  Use: Potion            |       |     2 ||     2
Armor: Scale mail        |    35 |    42 ||    77
Dodge: Dodged            |    37 |    45 ||    82
Block: Buckler           |    19 |    24 ||    43

Table legend: (Time is in decaauts)
 A = Elapsed time spent in this place.
 B = Non-inter-level travel time spent in this place.
 C = Inter-level travel time spent in this place.
 D = Time resting spent in this place.
 E = Time spent auto-exploring this place.
 F = Levels seen in this place.
 G = Mean time per level.
                   A        B        C        D        E       F      G
               +--------+--------+--------+--------+--------+-----+--------+
         Total |   3229 |   3194 |     35 |    353 |   2427 |   3 | 1076.3 |
       Dungeon |   3229 |   3194 |     35 |    353 |   2427 |   3 | 1076.3 |
               +--------+--------+--------+--------+--------+-----+--------+

Top non-repeatable levels by time:
     D:3: 1304 daAuts
     D:1: 969 daAuts
     D:2: 956 daAuts
